[Event "CCT Julius Baer-D3 2024"]
[Site "Online"]
[Date "2024.09.28"]
[Round "3"]
[White "Caruana, Fabiano"]
[Black "Bharath Subramaniyam H"]
[Result "1-0"]
[ECO "D51"]
[WhiteElo "2798"]
[BlackElo "2561"]
[Annotator "TA"]
[PlyCount "79"]
[EventDate "2024.09.25"]
[EventType "swiss"]
[EventCountry "NET"]
[SourceTitle "playchess.com"]
[Source "ChessBase"]
[SourceQuality "1"]
[TimeControl "600+2"]

1. d4 Nf6 2. c4 e6 3. Nc3 Bb4 4. Bg5 d5 5. e3 O-O 6. cxd5 exd5 7. Bd3 c6 8. Nge2 h6 9. Bh4 Nbd7 10. O-O Re8 11. Qc2 Nf8 12. Rae1 {[%emt 0:00:08] White has an edge.} Be7 13. f3 Ne6 14. Bf2 b6 15. Kh1 c5 16. dxc5 bxc5 17. Rd1 Qc7 (17... Qb6 $11 {is superior.}) 18. Bg3 (18. Nxd5 $1 $14 Nxd5 19. Bh7+ Kh8 20. Rxd5) 18... Qa5 {[%emt 0:01:06] [#]} (18... Qb6 $11 {keeps the balance.}) 19. Bb5 $1 $16 {[%emt 0:00:14] White is more active.} Ba6 20. Bxe8 $18 Rxe8 21. Nxd5 Nxd5 22. Rxd5 Bf6 23. Rfd1 Qxa2 {[%emt 0:00:15][%cal Oa6e2] [#]} 24. Nc3 (24. R5d2 $1 $18) 24... Qc4 $2 {[%emt 0:00:06] Black cannot hold the game after this.} ({Better is} 24... Bxc3 $1 $14 25. Qxc3 Be2) 25. Be5 {[%emt 0:00:51] Bxf6 is the strong threat.} Bg5 (25... Bb7) 26. f4 {[%emt 0:00:58][%cal Ob2b3,Bf3f4,Bf4f5][%mdl 32] And now b3! would win. White is clearly winning.} Bh4 27. Rd7 {[%emt 0:00:12][%cal Ob2b3] Strongly threatening b3!} Bc8 28. Rxa7 {[%emt 0:00:09] Black must now prevent Ra4.} Qb4 (28... Nd8 $142 29. Ra8 Bg4) 29. Nd5 Qb5 30. f5 Nf8 31. Nc7 Qb8 32. Nxe8 Qxe5 33. Nd6 Bd7 34. Qc4 Qf6 {[%emt 0:00:15] [#]} 35. Nxf7 $1 Qxf7 36. Qxf7+ Kxf7 37. Rdxd7+ Nxd7 38. Rxd7+ Kf6 39. Rd5 Bf2 40. e4 {[%emt 0:00:03] Weighted Error Value: White=0.15 (very precise) /Black=0.61.  Loses game:     	---       	Black=1      Mistake:       	White=2     	Black=5      OK:         	White=9     	Black=4      Best:        	White=2     	---        Strong:       	White=1     	---} 1-0

[Event "CCT Julius Baer-D3 2024"]
[Site "Online"]
[Date "2024.09.28"]
[Round "3"]
[White "Yoo, Christopher Woojin"]
[Black "Moussard, Jules"]
[Result "0-1"]
[ECO "D35"]
[WhiteElo "2603"]
[BlackElo "2600"]
[Annotator "TA"]
[PlyCount "78"]
[EventDate "2024.09.25"]
[EventType "swiss"]
[EventCountry "NET"]
[SourceTitle "playchess.com"]
[Source "ChessBase"]
[SourceQuality "1"]
[TimeControl "600+2"]

1. d4 Nf6 2. c4 e6 3. Nc3 d5 4. cxd5 exd5 5. Bg5 c6 6. e3 h6 7. Bh4 Be7 8. Bd3 O-O 9. Nf3 Ne4 {[%emt 0:00:14] [#] Threatens to win with ...Nxc3.} 10. Bxe7 Qxe7 11. Qc2 Re8 12. O-O {[%emt 0:00:04] The position is equal.} Bf5 13. Bxe4 Bxe4 14. Nxe4 dxe4 15. Ne5 Nd7 16. Nc4 Nb6 17. Rab1 Rad8 18. Nd2 Nd5 19. a3 h5 20. b4 a6 21. Nc4 Nf6 22. a4 Rd5 23. Rfe1 Rg5 24. Kh1 Qe6 25. f4 (25. h3 $11) 25... exf3 $15 26. gxf3 Nd5 $40 {[%emt 0:00:03][%mdl 128] White needs to defend precisely.} 27. e4 Nf4 28. Rg1 Rxg1+ 29. Rxg1 Rd8 30. Ne3 $1 g6 31. Nf5 Qf6 {[%emt 0:00:36] ...Kf8 would now be deadly.} 32. e5 $1 Qe6 33. Qe4 $2 {[%emt 0:00:04][%mdl 8192] Against Rd5. This move loses the game for White.} (33. Nd6 $1 $11 {and White has nothing to worry.}) 33... Nh3 $19 34. Rg2 {[%emt 0:00:12] Repels Nf2+} Qb3 35. Ne3 {[%emt 0:00:06][%cal Og2g6] Against Qd1+} Qxb4 {[%emt 0:00:06] [#] ( -> ...Qe1+)} (35... Qc3 36. Nc2 Qc4 37. Re2 $19) 36. Rxg6+ Kf8 (36... fxg6 37. Qxg6+ Kf8 38. Qh6+ Ke7 39. Nf5+ Kd7 40. Kg2 $19) 37. Qh4 (37. Qf5 Qe1+ (37... Rxd4 38. Qc8+ Ke7 39. Nf5#) (37... Qxd4 $2 38. Qf6 $18) 38. Kg2 Qg1+ (38... Qxe3 $2 39. Kxh3 Qf2 40. e6 $18) 39. Kxh3 Qxg6 40. Qf4) 37... Rxd4 (37... Qxd4 $2 38. Qf6 Qa1+ 39. Kg2 Qg1+ 40. Kxh3 $18) 38. Qf6 Qe1+ (38... Qxa4 $2 39. Qh8+ Ke7 40. Nf5+ Kd7 41. e6+ Kc7 42. Qe5+ Kb6 43. Qxd4+ $18) 39. Kg2 Nf4+ {[%emt 0:00:02] Weighted Error Value: White=0.67/Black=0.02 (flawless) .  Loses game:     	White=1     	---        Mistake:       	White=2     	---        Inaccurate:     	White=1     	Black=1      OK:         	White=10    	Black=11     Best:        	---       	Black=4      Strong:       	White=2     	---} ({Worse is} 39... Qxe3 40. Qh8+ (40. Kxh3 Qf4 $17) 40... Ke7 41. Qf6+ Kf8 42. Qh8+ (42. Kxh3 Qf4 $17) 42... Ke7 43. Qf6+ Kf8 $11) 0-1

[Event "CCT Julius Baer-D3 2024"]
[Site "Online"]
[Date "2024.09.28"]
[Round "3"]
[White "Moussard, Jules"]
[Black "Yoo, Christopher Woojin"]
[Result "1-0"]
[ECO "C42"]
[WhiteElo "2600"]
[BlackElo "2603"]
[Annotator "TA"]
[PlyCount "89"]
[EventDate "2024.09.25"]
[EventType "swiss"]
[EventCountry "NET"]
[SourceTitle "playchess.com"]
[Source "ChessBase"]
[SourceQuality "1"]
[TimeControl "600+2"]

1. e4 e5 2. Nf3 Nf6 3. Nxe5 d6 4. Nf3 Nxe4 5. d4 d5 6. Bd3 Bd6 7. O-O O-O 8. c4 c6 9. Re1 Bf5 10. Ng5 Re8 11. Bxe4 $1 dxe4 12. Nc3 {[%emt 0:00:01][%cal Rg5e4] White has an edge.} Nd7 13. Ngxe4 Bxe4 14. Nxe4 Bxh2+ 15. Kf1 {[%emt 0:00:03] g3 is the strong threat.} (15. Kxh2 $5 Qh4+ $8 16. Kg1 Rxe4 17. Rxe4 Qxe4 18. Be3 $11) 15... Qa5 16. Qf3 f5 17. Nc3 Rxe1+ 18. Kxe1 Bc7 19. Kf1 Qb4 20. b3 Qd6 {[%emt 0:00:12] Against Nd5} 21. Ne2 {[%emt 0:01:48][%cal Oc1f4] [#] Black must now prevent Bf4!} Qh2 {[%emt 0:00:12] aiming for ...Qh1+.} 22. Bf4 (22. Qxf5 Qh1+ 23. Ng1 Bh2 24. Qxd7 Qxg1+ 25. Ke2 Rf8 $17) 22... Bxf4 23. Qxf4 Qxf4 24. Nxf4 $11 {[%emt 0:00:00][%mdl 4096] Endgame. KRN-KRN} Re8 25. d5 Nc5 26. dxc6 bxc6 27. Rd1 g5 28. Ne2 {[%emt 0:00:35] Black should prevent Rd6.} Kf7 29. f3 Ne6 30. Rd6 Rd8 $1 (30... c5 31. Rd5 $16) 31. Rxd8 (31. Rxc6 Rd1+ 32. Kf2 Rd2) 31... Nxd8 {[%emt 0:00:00] KN-KN} 32. Kf2 Kf6 33. Ke3 f4+ 34. Ke4 Ne6 (34... a5 $14) 35. b4 $16 {[%emt 0:00:03] Strongly threatening Nd4.} h5 36. a4 {[%emt 0:00:04][%cal Ba2a4,Ba4a5][%mdl 32] Hoping for a5.} h4 $2 {[%emt 0:00:43] This costs Black the game.} (36... a5 $16 37. bxa5 Nc5+ 38. Kd4 Ne6+ (38... Nb3+ $2 39. Kc3 $18) 39. Kc3 Nc7) 37. a5 $18 a6 $2 (37... Ke7 38. Kf5 Kd7) 38. Nd4 {[%emt 0:00:30] Threatens to win with Nxe6.} Nxd4 39. Kxd4 {[%emt 0:00:00][%cal Ob4b5] White wants to mate with b5! KP-KP} g4 40. fxg4 {[%emt 0:00:01] White mates.} f3 41. Ke3 (41. gxf3 $2 {loses.} h3 42. g5+ Ke7 $19 (42... Kxg5 $2 43. Kc5 $19)) 41... fxg2 42. Kf2 h3 {[%emt 0:00:06] [#]} 43. b5 $1 cxb5 44. cxb5 axb5 45. a6 {[%emt 0:00:01] Weighted Error Value: White=0.03 (flawless) /Black=0.45.  Loses game:     	---       	Black=1      Mistake:       	---       	Black=2      Inaccurate:     	White=1     	Black=3      OK:         	White=11    	Black=8      Best:        	White=4     	Black=2      Strong:       	White=1     	Black=1} 1-0

[Event "CCT Julius Baer-D3 2024"]
[Site "Online"]
[Date "2024.09.28"]
[Round "3"]
[White "Bharath Subramaniyam H"]
[Black "Caruana, Fabiano"]
[Result "0-1"]
[ECO "B33"]
[WhiteElo "2561"]
[BlackElo "2798"]
[Annotator "TA"]
[PlyCount "126"]
[EventDate "2024.09.25"]
[EventType "swiss"]
[EventCountry "NET"]
[SourceTitle "playchess.com"]
[Source "ChessBase"]
[SourceQuality "1"]
[TimeControl "600+2"]

1. e4 c5 2. Nf3 Nc6 3. d4 cxd4 4. Nxd4 Nf6 5. Nc3 e5 6. Ndb5 d6 7. Bg5 a6 8. Na3 b5 9. Nab1 Be7 10. Bxf6 Bxf6 11. a4 b4 12. Nd5 O-O 13. Bc4 Bg5 14. O-O Be6 15. Qd3 a5 16. c3 {[%emt 0:00:13] B33: Sicilian: Pelikan and Sveshnikov Variations.} Rc8 17. b3 Kh8 18. Ba6 $146 ({Predecessor:} 18. Nd2 bxc3 19. Qxc3 Bxd5 20. exd5 Nd4 21. Rae1 f5 22. Nf3 Nxf3+ 23. Qxf3 Bd2 {0-1 Sherman,R (2366)-Hrbek,S (2402) Pardubice Czech op-A 35th 2024 (9)}) 18... Rb8 19. Bb5 Qc8 20. Qc4 Ne7 21. cxb4 axb4 22. Qxc8 Rfxc8 23. Bc4 Nxd5 24. exd5 Bd7 25. Rd1 Rc5 26. Nd2 f5 27. a5 Ra8 28. a6 Ra7 29. Nf3 Bf6 30. Ra2 e4 31. Nd4 Bxd4 32. Rxd4 Bb5 33. Bxb5 Rxb5 34. g4 g6 35. gxf5 gxf5 36. Rc4 Kg7 $1 37. Rc6 Rxd5 38. Rb6 Kf6 39. Kf1 f4 40. Rxb4 Kf5 {[%emt 0:00:03] [#]} (40... Rd3 $1 $14) 41. Rb7 (41. f3 $1 $16 Rd3 42. fxe4+ (42. Rxe4 Rxf3+ 43. Ke2 Rxb3 $11) 42... Kg4 43. Ke2 Re3+ 44. Kd2) 41... f3 $1 $11 (41... Rxb7 $2 42. axb7 (42. a7 $2 f3 $19) 42... f3 (42... Rb5 $2 43. Ra5 $18) 43. Ke1 $18) 42. Ke1 (42. Rxa7 $2 Rd1#) 42... Ra8 $1 (42... Rxb7 $2 43. axb7 Rb5 44. Ra5 Rxa5 45. b8=Q $18 (45. b8=B $2 Ra1+ 46. Kd2 Ra2+ 47. Kc3 e3 $19)) 43. Rxh7 Rd3 44. Ra5+ d5 45. Rh5+ $1 Ke6 $2 (45... Kg4 $11 {and Black has nothing to worry.} 46. Rh7 (46. Rhxd5 Rxd5 47. Rxd5 Rxa6 $11) 46... Rxb3) 46. a7 $18 Kd6 (46... Kf7 $142 47. Ra6 (47. Rhxd5 Rxd5 48. Rxd5 Rxa7 $14) 47... Kg7) 47. b4 $18 Kc6 48. Rh6+ Kb7 49. b5 $2 (49. Rb5+ Kc7 50. Rh7+ Kc6 51. Rb8 Rxa7 52. Rxa7) 49... d4 $2 (49... Rb3) 50. Raa6 $18 Rc3 51. Rh7+ Rc7 52. Rxc7+ Kxc7 53. h4 e3 54. h5 Rg8 55. Rg6 (55. a8=B $2 Rg1#) (55. a8=N+ Kb7 56. Rb6+ Kxa8 $11) 55... Rh8 56. h6 Kb7 57. b6 $4 {[%emt 0:00:01][%mdl 8192] [#]} (57. Ra6 $18 Ra8 58. h7) 57... Rc8 $1 58. fxe3 dxe3 59. Kd1 e2+ 60. Kd2 Rd8+ 61. Ke1 Rd1+ 62. Kf2 e1=Q+ (62... e1=R $2 {too greedy.} 63. Rg7+ (63. Kxf3 Rf1+ 64. Ke4 Rd8 $19) 63... Kxb6 64. a8=Q $18 (64. a8=B Rf1+ 65. Kg3 Rg1+ 66. Kxf3 Rxg7 $11)) 63. Kxf3 Qf1+ 0-1

[Event "CCT Julius Baer-D3 2024"]
[Site "Online"]
[Date "2024.09.28"]
[Round "3"]
[White "Bharath Subramaniyam H"]
[Black "Caruana, Fabiano"]
[Result "1/2-1/2"]
[ECO "B33"]
[WhiteElo "2561"]
[BlackElo "2798"]
[Annotator "ChessBase"]
[PlyCount "202"]
[EventDate "2024.09.25"]
[EventType "swiss"]
[EventCountry "NET"]
[SourceTitle "playchess.com"]
[Source "ChessBase"]
[SourceQuality "1"]
[TimeControl "600+2"]

1. e4 c5 2. Nf3 Nc6 3. d4 cxd4 4. Nxd4 Nf6 5. Nc3 e5 6. Ndb5 d6 7. Bg5 a6 8. Na3 b5 9. Nab1 Be7 10. Bxf6 Bxf6 11. a4 b4 12. Nd5 O-O 13. Bc4 Bg5 14. O-O Be6 15. Qd3 a5 16. c3 Rc8 17. Ba6 bxc3 18. Nbxc3 Rb8 19. Bb5 Nd4 20. Rfd1 f5 21. exf5 Bxf5 22. Ne4 Kh8 23. Re1 Bh6 24. Rad1 Bg6 25. b3 Rb7 26. Bc4 Rbf7 27. Qg3 Bf4 28. Qh3 Bf5 29. Qc3 Bxh2+ 30. Kxh2 Qh4+ 31. Kg1 Bxe4 32. Qg3 Qxg3 33. fxg3 Bg6 34. Nc3 Rf2 35. Nb5 Bc2 36. Rc1 Rd2 37. Nxd6 g6 38. Rxe5 Rff2 39. Bd5 Rfe2 40. Re1 Rxe1+ 41. Rxe1 Ne2+ 42. Kh2 Rxd5 43. Rxe2 Bxb3 44. Nb7 Kg7 45. Re7+ Kh6 46. Re4 Rh5+ 47. Kg1 Bd5 48. Re7 Bc6 49. Nd6 Bxa4 50. Ra7 Rd5 51. Nf7+ Kg7 52. Ne5+ Kf6 53. Nc4 Bb5 54. Nxa5 h5 55. Kh2 Rd2 56. Rb7 Bf1 57. Kg1 Bxg2 58. Rb4 Bd5 59. Kf1 Kf5 60. Rf4+ Kg5 61. Nc4 Ra2 62. Ne3 Be6 63. Re4 Bh3+ 64. Ke1 Kf6 65. Rf4+ Kg7 66. Rf2 Ra3 67. Kd2 Bd7 68. Rf4 Bb5 69. Rd4 Ra2+ 70. Kd1 Rf2 71. Rd5 Bc6 72. Rd6 Bf3+ 73. Kc1 Re2 74. Rd3 Be4 75. Rc3 Rf2 76. Nd1 Rg2 77. Re3 Bf5 78. Nc3 Kh6 79. Kd1 Kg5 80. Ke1 Kg4 81. Ne2 Rh2 82. Kf1 Rh1+ 83. Kf2 Ra1 84. Ng1 g5 85. Rc3 Be4 86. Rc4 Kf5 87. Rc5+ Kf6 88. Ne2 Ra3 89. Nc3 Bf5 90. Nd5+ Ke6 91. Nc7+ Kf6 92. Nd5+ Kf7 93. Ne3 Ra2+ 94. Kg1 Be4 95. Rxg5 Re2 96. Nc4 Rg2+ 97. Kf1 Kf6 98. Rxh5 Rxg3 99. Kf2 Rf3+ 100. Ke1 Rf5 101. Rxf5+ Bxf5 1/2-1/2